 Dungeon Crawl Stone Soup version 0.29.1-14-g9c671dbff4 (webtiles) character file.

Game seed: 17906481816355606282

104 tizbic2 the Sneak (level 4, -3/42 HPs)
             Began as a Naga Berserker on Feb 15, 2023.
             Was a Follower of Trog.
             Splashed by a jelly's acid (8 damage)
             ... on level 2 of the Dungeon.
             The game lasted 00:06:51 (1555 turns).

tizbic2 the Sneak (Naga Berserker)                  Turns: 1555, Time: 00:06:52

Health: -3/42      AC: -5    Str: 19    XL:     4   Next: 80%
Magic:  0/4        EV: 10    Int:  7    God:    Trog [*.....]
Gold:   111        SH:  0    Dex: 13    Spells: 3/3 levels left

rFire   . . .      SeeInvis +   a - +0 spear
rCold   . . .      Faith    .   (no shield)
rNeg    . . .      Spirit   +   b - +0 animal skin
rPois   +          Reflect  .   (no helmet)
rElec   .          Harm     .   (no cloak)
rCorr   .          Rampage  .   (no gloves)
Will    .....                   (no barding)
Stlth   +++.......              j - amulet of guardian spirit
HPRegen 0.14/turn               h - ring of flight
MPRegen 0.09/turn               (no ring)

@: short of breath, corroded, on berserk cooldown, flying, slowed, very slow
A: AC +1, large, see invisible, deformed body, poison resistance, slowness 2,
spit poison 1, naga tail 1
a: Spit Poison, Renounce Religion, Berserk


You were on level 2 of the Dungeon.
You worshipped Trog.
Trog was aware of your devotion.
You visited 1 branch of the dungeon, and saw 2 of its levels.

You collected 111 gold pieces.

Inventory:

Hand Weapons
 a - a +0 spear (weapon)
 e - a +0 sling
 w - a +0 dagger
Missiles
 f - 5 curare-tipped darts
Armour
 b - a +0 animal skin (worn)
Jewellery
 h - a ring of flight (left hand)
 j - an amulet of guardian spirit (around neck)
Scrolls
 g - 2 scrolls of fog
 i - a scroll of vulnerability {unknown}
 l - a scroll of magic mapping {unknown}
 m - a scroll of silence {unknown}
Potions
 c - a potion of invisibility
 d - a potion of ambrosia
 k - a potion of attraction {unknown}
 n - a potion of curing {unknown}
 p - a potion of degeneration {unknown}
 q - a potion of berserk rage {unknown}


   Skills:
 - Level 3.0 Fighting
 + Level 3.9 Short Blades
 - Level 1.6 Armour
 - Level 1.6 Dodging
 * Level 5.2 Stealth


You had 3 spell levels left.
You didn't know any spells.
Your spell library was empty.

Dungeon Overview and Level Annotations

Branches:
Dungeon (2/15)

Altars:


Innate Abilities, Weirdness & Mutations

Your serpentine skin is tough. (AC +1)
You have supernaturally acute eyesight. (SInv)
Armour fits poorly on your strangely shaped body.
Your system is resistant to poisons. (rPois)
You cover ground very slowly.
You can spit poison.
You have a snake-like lower body.


Message History

* * * LOW HITPOINT WARNING * * *
It was a potion of ambrosia.
You are confused.
You feel invigorated. The jelly closely misses you. x2
You bump into the rock wall.
The jelly hits you.
You are splashed with acid!
* * * LOW HITPOINT WARNING * * *
You bump into the rock wall.
The jelly barely misses you. The jelly hits you.
* * * LOW HITPOINT WARNING * * *
You are splashed with acid.
* * * LOW HITPOINT WARNING * * *
You bump into the rock wall.
The jelly jiggles.
The jelly hits you.
* * * LOW HITPOINT WARNING * * *
You are splashed with acid!
* * * LOW HITPOINT WARNING * * *
You are too confused!
You bump into the rock wall.
The jelly completely misses you. The jelly hits you.
* * * LOW HITPOINT WARNING * * *
You are splashed with acid!
* * * LOW HITPOINT WARNING * * *
It was a potion of heal wounds.
You feel much better.
You feel less invigorated.
You feel less confused. The jelly hits you.
You are splashed with acid!
You hit the jelly but do no damage. The acid corrodes you!
Your hands burn!
The jelly is moderately wounded.
The jelly hits you.
You are splashed with acid!
The jelly hits you.
You are splashed with acid!
* * * LOW HITPOINT WARNING * * *
Aiming: Spit Poison (1% risk of failure)
Press: ? - help, Shift-Dir - straight line, f - jelly
Aim: a jelly (moderately wounded, 100% to hit)
The splash of poison hits the jelly.
The jelly is poisoned.
The jelly is heavily wounded.
The jelly hits you.
* * * LOW HITPOINT WARNING * * *
You are splashed with acid!
You die...

### ## #[J..J÷##J####### #.
#...PJ.#.#@#....##########.
#J÷.J..#J#.#...).##.).)....
#..÷.÷P#.#'#......).#.##.#.
#.J.J..#)#........'...##.#.
#.P....#.#........'.#.##.##
#..J.J.#J#.......##.#.##.#
#÷PPP...##......#####.##.#
#..÷.÷.############......#
####### #### #......##


You could see a jelly (poisoned).

Vanquished Creatures
  2 jellies (D:2)
  An adder (D:2)
  2 dart slugs (D:1)
  2 bats (D:1)
  4 endoplasms
  2 goblins (D:1)
  5 hobgoblins (D:1)
  2 quokkas (D:1)
  2 frilled lizards (D:1)
  9 kobolds
  4 rats (D:1)
35 creatures vanquished.

Vanquished Creatures (others)
  3 fungi (D:2)
  11 toadstools (D:2)
14 creatures vanquished.

Grand Total: 49 creatures vanquished

Notes
Turn   | Place    | Note
-------+----------+-------------------------------------------
     0 | D:1      | tizbic2 the Naga Berserker began the quest for the Orb.
     0 | D:1      | Reached XP level 1. HP: 21/21 MP: 1/1
   219 | D:1      | Reached skill level 1 in Stealth
   219 | D:1      | Reached XP level 2. HP: 28/28 MP: 2/2
   507 | D:1      | Reached skill level 2 in Stealth
   617 | D:1      | HP: 1/42 [kobold/+0 whip (3)]
  1075 | D:1      | Reached XP level 3. HP: 31/34 MP: 1/3
  1190 | D:1      | Found a faded altar of an unknown god.
  1199 | D:1      | Reached skill level 3 in Stealth
  1534 | D:2      | Reached skill level 4 in Stealth
  1534 | D:2      | Reached XP level 4. HP: 35/42 MP: 1/4
  1538 | D:2      | Reached skill level 5 in Stealth
  1547 | D:2      | HP: 2/42 [acid (5)]
  1555 | D:2      | Splashed by a jelly's acid

Illustrated notes

Levels and vault maps discovered:
D:1:      scummos_arrival_star, layout_basic,
          hellmonk_ecumenical_altar_leap_of_faith
D:2:      cheibrodos_fertilizer, layout_loops_cross, chequers_mini_garden,
          minmay_mini_jars, uniq_crazy_yiuf_cottage

Skill      XL: |  1  2  3  4 |
---------------+-------------+-----
Stealth        | 1 2 4 5 |  5.2
Fighting       | |  3.0
Short Blades   | |  3.9
Armour         | |  1.6
Dodging        | |  1.6

Action                   |  1- 3 |  4- 6 || total
-------------------------+-------+-------++-------
Melee: Short sword       |    17 |       ||    17
       Spear             |    24 |     7 ||    31
       Dagger            |    21 |       ||    21
 Fire: Sling             |     5 |       ||     5
Invok: Berserk           |     4 |       ||     4
 Abil: Spit Poison       |    14 |     1 ||    15
  Use: Scroll            |     4 |       ||     4
       Potion            |       |     2 ||     2
 Stab: Sleeping          |     4 |       ||     4
Armor: Animal skin       |    10 |       ||    10
Dodge: Dodged            |    31 |     5 ||    36
